 Dungeon Crawl Stone Soup version 0.31-a0-232-gb1c03b2570 (webtiles) character file.

Game seed: 15166762707544497430

46 Shard1697 the Covered (level 3, -5/32 HPs)
             Began as an Armataur Fighter on July 7, 2023.
             Killed from afar by Natasha (12 damage)
             ... with a magic dart
             ... on level 2 of the Dungeon.
             The game lasted 00:00:46 (958 turns).

Shard1697 the Covered (Armataur Fighter)             Turns: 958, Time: 00:00:47

Health: -5/32      AC:  0    Str: 21    XL:     3   Next: 46%
Magic:  3/3        EV: 13    Int:  8    God:
Gold:   157        SH:  0    Dex: 11    Spells: 2/2 levels left

rFire   . . .        a - melded +0 flail
rCold   . . .        c - melded +0 buckler
rNeg    . . .        b - melded +0 scale mail
rPois   .            (helmet currently unavailable)
rElec   .            h - melded +0 cloak
rCorr   .            (gloves currently unavailable)
SInv    .            (no barding)
Will    .....        (no amulet)
Stlth   +            (ring currently unavailable)
HPRegen 0.25/turn    (ring currently unavailable)
MPRegen 0.08/turn

%: roll
@: pig-form, very quick
A: fast, no casting, small, rugged brown scales 3, (deformed body), (armoured
tail), roll, long tongue, awkward tongue
a: no special abilities


You were on level 2 of the Dungeon.
You were a filthy swine.
You visited 1 branch of the dungeon, and saw 2 of its levels.

You collected 157 gold pieces.

Inventory:

Hand Weapons
 a - a +0 flail (melded)
Armour
 b - a +0 scale mail (melded)
 c - a +0 buckler (melded)
 h - a +0 cloak (melded)
Scrolls
 e - 2 scrolls of identify {unknown}
 g - a scroll of teleportation {unknown}
Potions
 d - a potion of might
 f - a potion of brilliance {unknown}
 i - a potion of magic {unknown}


   Skills:
 - Level 2.6 Fighting
 + Level 3.5 Maces & Flails
 - Level 3.6 Armour
 - Level 3.2 Shields


You had 2 spell levels left.
You didn't know any spells.
Your spell library was empty.

Dungeon Overview and Level Annotations

Branches:
Dungeon (2/15)

Altars:

Shops:
D:1 :

Annotations:
D:2 Natasha


Innate Abilities, Weirdness & Mutations

You are a filthy swine.
You move quickly.
Your equipment is almost entirely melded.
You are incapable of wielding weapons or throwing items.
You cannot cast spells.
(You are completely covered in rugged brown scales. (AC +3, +7% HP))
((Armour fits poorly on your strangely shaped body.))
((You have a long armoured tail.))
You roll when moving toward enemies. (Rampage)
Your long tongue fully drains potion bottles. (2x potion effects)
Your tongue gives you trouble enunciating. (1.5x scroll delay)


Message History

You barely miss Natasha.
Natasha is moderately wounded.
The cerulean imp hits you from afar with a +1 spear.
The cerulean imp hits you but does no damage.
Natasha casts a spell.
The cerulean imp hits you but does no damage.
You thump Natasha!
Natasha is severely wounded.
The cerulean imp hits you but does no damage.
Natasha zaps a wand.
You turn into a filthy swine.
Your +0 flail melds into your body.
Your +0 cloak melds into your body.
Your +0 buckler melds into your body.
Your +0 scale mail melds into your body.
The cerulean imp hits you from afar with a +1 spear.
The cerulean imp hits you from afar with a +0 spear.
Natasha misses you.
You are too injured to fight recklessly!
You are too injured to fight recklessly!
You are too injured to fight recklessly!
You are too injured to fight recklessly!
You are too injured to fight recklessly!
You are too injured to fight recklessly!
You are too injured to fight recklessly!
You are too injured to fight recklessly!
You are too injured to fight recklessly!
You are too injured to fight recklessly!
You are too injured to fight recklessly!
You are too injured to fight recklessly!
You are too injured to fight recklessly!
You hit Natasha but do no damage.
Natasha is severely wounded.
The cerulean imp hits you from afar with a +1 spear.
The cerulean imp hits you from afar with a +0 spear.
* * * LOW HITPOINT WARNING * * *
Natasha closely misses you.
Natasha howls an incantation.
You feel disoriented.
Natasha stares at you and mumbles some strange words.
The magic dart hits you!
You die...

##.≈≈§ ##.......
#######..≈≈ #.<......
#.....#..§ #######..
........5 #.. .......5#
#.. ......5h## #..
.........#############..
......).................
.......h##############..
........# #.# ........#
#.# ....>.<.# #.#
......... . ##).
........# .. #...
........# ... #>.#
.......## ....##..#
........#


You could see Natasha and 3 cerulean imps.

Vanquished Creatures
  A dart slug (D:1)
  4 endoplasms
  2 giant cockroaches (D:1)
  5 goblins
  A hobgoblin (D:1)
  6 jackals
  2 quokkas (D:1)
  2 ball pythons
  7 bats
  3 frilled lizards (D:1)
  5 kobolds
38 creatures vanquished.

Notes
Turn   | Place    | Note
-------+----------+-------------------------------------------
     0 | D:1      | Shard1697 the Armataur Fighter began the quest for the Orb.
     0 | D:1      | Reached XP level 1. HP: 19/19 MP: 1/1
   155 | D:1      | Reached XP level 2. HP: 26/26 MP: 2/2
   237 | D:1      | Found Iliodas's Book Emporium.
   611 | D:1      | Reached XP level 3. HP: 32/32 MP: 3/3
   945 | D:2      | Noticed Natasha
   958 | D:2      | Killed from afar by Natasha

Illustrated notes

Levels and vault maps discovered:
D:1:      psy_arrival_basics, layout_basic, serial_shops,
          nicolae_book_shop_shelving
D:2:      layout_rooms, serial_shops, nicolae_lakefront_shop, minmay_ruptured,
          uniq_natasha

Skill      XL: |  1  2 |
---------------+-------+-----
Maces & Flails | 2 3 |  3.5
Fighting       | |  2.6
Armour         | |  3.6
Shields        | |  3.2

Action                     || total
---------------------------++-------
  Melee: Flail             ||   101
         Tailslap          ||    10
         Unarmed           ||     1
 Armour: Scale mail        ||    80
  Dodge: Dodged            ||    52
  Block: Buckler           ||    22

Table legend: (Time is in decaauts)
 A = Elapsed time spent in this place.
 B = Non-inter-level travel time spent in this place.
 C = Inter-level travel time spent in this place.
 D = Time resting spent in this place.
 E = Time spent auto-exploring this place.
 F = Levels seen in this place.
 G = Mean time per level.
                   A        B        C        D        E       F      G
               +--------+--------+--------+--------+--------+-----+--------+
         Total |    984 |    977 |      7 |      0 |    767 |   2 |  492.0 |
       Dungeon |    984 |    977 |      7 |      0 |    767 |   2 |  492.0 |
               +--------+--------+--------+--------+--------+-----+--------+

Top non-repeatable levels by time:
     D:1: 658 daAuts
     D:2: 326 daAuts
